 Dungeon Crawl Stone Soup version 0.24-a0-584-g9d6b971ae4 (webtiles) character file.

Game seed: 255697679582824413, levelgen mode: deterministic

518 GenChuck the Firebug (level 7, -2/52 HPs)
             Began as a Centaur Fire Elementalist on Sept 5, 2019.
             Was an Initiate of Ru.
             Slain by a slave (4 damage)
             ... led by Pikel
             ... on level 4 of the Dungeon.
             The game lasted 00:43:05 (5116 turns).

GenChuck the Firebug (Centaur Fire Elementalist)    Turns: 5116, Time: 00:43:08

Health: -2/52      AC: 15    Str: 11    XL:     7   Next: 1%
Magic:  16/20      EV: 10    Int: 16    God:    Ru [......]
Gold:   107        SH:  0    Dex:  9    Spells: 8/11 levels left

rFire    + . .     SeeInvis .   g - +3 mace (protect)
rCold    x . .     Gourm    .   (no shield)
rNeg     . . .     Faith    .   a - +1 robe
rPois    .         Spirit   .   (no helmet)
rElec    .         Reflect  .   u - +2 cloak
rCorr    .         Harm     .   (no gloves)
MR       .....                  (no barding)
Stlth    +.........             h - amulet of regeneration
HPRegen  0.57/turn              f - ring of magical power
MPRegen  0.17/turn              v - ring of fire

@: protection aura, very quick
A: large, hooves 3, deformed body, speed 2, tough skin 3
a: Renounce Religion


You were on level 4 of the Dungeon.
You worshipped Ru.
Ru was noncommittal.
You were hungry.

You visited 1 branch of the dungeon, and saw 4 of its levels.

You collected 107 gold pieces.

Inventory:

Hand Weapons
 d - a +0 whip
 g - a +3 mace of protection (weapon)
 o - a +1 dagger of venom
 q - a cursed -3 dagger
 t - a +2 quarterstaff of chaos
Missiles
 r - 29 poisoned darts (quivered)
Armour
 a - a +1 robe (worn)
 m - a +0 leather armour
 u - a +2 cloak (worn)
Jewellery
 f - a ring of magical power (left hand)
 h - an amulet of regeneration (around neck)
 v - a ring of fire (right hand)
 w - an uncursed ring of fire
Wands
 p - a wand of iceblast (8)
Scrolls
 s - 2 scrolls of enchant armour
Potions
 e - a potion of lignification {unknown}
 i - 2 potions of heal wounds {unknown}
 j - a potion of might
 k - a potion of resistance {unknown}
 l - a potion of curing {unknown}
 n - a potion of invisibility {unknown}
Comestibles
 b - 2 chunks of flesh
 c - 6 rations


   Skills:
 + Level 1.0 Fighting
 + Level 2.1 Maces & Flails
 * Level 2.8 Dodging
 + Level 1.6 Stealth
 + Level 2.8 Spellcasting
 + Level 2.1 Conjurations
 * Level 4.4 Fire Magic


You had 8 spell levels left.
You knew the following spells:

 Your Spells              Type           Power        Failure   Level  Hunger
a - Flame Tongue          Conj/Fire      ###..        4%          1    #......
b - Throw Flame           Conj/Fire      ###...       8%          2    ##.....

Your spell library contained the following spells:

 Spells                   Type           Power        Failure   Level  Hunger
 Conjure Flame            Conj/Fire      ###.....     16%         3    ###....
 Inner Flame              Hex/Fire       ##......     22%         3    ###....
 Sticky Flame             Conj/Fire      ###.....     45%         4    #####..
 Fireball                 Conj/Fire      ###.......   80%         5    ######.


Dungeon Overview and Level Annotations

Branches:
Dungeon (4/15)
 Temple: D:4-7

Altars:
Okawaru
Ru
Trog
The Shining One

Annotations:
D:4 Pikel


Innate Abilities, Weirdness & Mutations

You have hooves in place of feet.
Armour fits poorly on your strangely shaped body.
You cover ground very quickly.
You have extremely tough skin. (AC +3)


Message History

You hit Pikel.
Pikel is moderately wounded.
Pikel hits you but does no damage. The slave hits you.
You hit Pikel but do no damage. Your kick misses Pikel.
Pikel is moderately wounded.
Pikel hits you with a +1 whip of electrocution.
You are electrocuted!
The slave closely misses you.
You hit Pikel but do no damage.
Pikel is moderately wounded.
Pikel hits you but does no damage. The slave barely misses you.
Pikel hits you but does no damage.
You are electrocuted!
The slave hits you!
* * * LOW HITPOINT WARNING * * *
You barely miss Pikel.
Pikel is moderately wounded.
Pikel hits you with a +1 whip of electrocution.
* * * LOW HITPOINT WARNING * * *
You are electrocuted!
* * * LOW HITPOINT WARNING * * *
The slave hits you.
You die...

#.### #...#..# #...
+...#..#
#.p######...#..# #
#...........#..#
#####.#..####.##.##..#
....#............##..#
###.####.####..p.....#
#.# #.#########...#
#.# #.##....K@pp..#
#.####.##.######..##
#.#....p....# #..#
#.#.##.##.#(# #..#
#.#.....#.#... ...#
#.#######.######.##
#.........# #.#
#########.# #.# ###


You could see Pikel and 2 slaves.

Vanquished Creatures
  Grinder (D:3)
  An orc priest (D:3)
  Crazy Yiuf (D:3)
  A worker ant (D:2)
  7 gnolls (D:2)
  8 adders
  A worm (D:2)
  4 dart slugs
  A leopard gecko (D:3)
  6 orcs (D:3)
  6 giant cockroaches
  10 goblins
  7 hobgoblins
  8 jackals
  8 kobolds
  A quokka (D:3)
  2 ball pythons (D:3)
  6 bats
  5 frilled lizards
  7 rats
91 creatures vanquished.

Notes
Turn   | Place    | Note
-------+----------+-------------------------------------------
     0 | D:1      | GenChuck the Centaur Fire Elementalist began the quest for
                  | the Orb.
     0 | D:1      | Reached XP level 1. HP: 14/14 MP: 3/3
   239 | D:1      | Reached XP level 2. HP: 14/20 MP: 4/4
   437 | D:1      | Reached skill level 3 in Fire Magic
   929 | D:1      | Reached skill level 1 in Conjurations
  1005 | D:1      | Learned a level 2 spell: Throw Flame
  1048 | D:1      | Reached XP level 3. HP: 21/26 MP: 5/5
  1903 | D:2      | Reached XP level 4. HP: 33/33 MP: 6/7
  2756 | D:2      | Reached XP level 5. HP: 38/38 MP: 8/8
  2760 | D:2      | Reached skill level 1 in Maces & Flails
  2998 | D:2      | Found an iron altar of Okawaru.
  3295 | D:3      | Found a sacrificial altar of Ru.
  3303 | D:3      | Became a worshipper of Ru the Awakened
  3340 | D:3      | Found a bloodstained altar of Trog.
  3442 | D:3      | Noticed Grinder
  3446 | D:3      | Paralysed by Grinder for 7 turns
  3459 | D:3      | Paralysed by Grinder for 4 turns
  3465 | D:3      | Killed Grinder
  3465 | D:3      | Reached skill level 4 in Fire Magic
  3465 | D:3      | Reached XP level 6. HP: 23/46 MP: 9/9
  3839 | D:3      | Found a runed translucent door.
  3840 | D:3      | Noticed Crazy Yiuf
  3888 | D:3      | Killed Crazy Yiuf
  4578 | D:3      | Reached skill level 1 in Fighting
  4835 | D:3      | Reached XP level 7. HP: 47/52 MP: 11/11
  4877 | D:3      | Found a glowing golden altar of the Shining One.
  5062 | D:4      | Noticed Pikel
  5116 | D:4      | HP: 2/52 [Pikel/+1 whip of electrocution (8)]
  5116 | D:4      | Slain by a slave

Levels and vault maps discovered:
D:1:      dpeg_arrival_connections, layout_rooms, minmay_split_cup_large
D:2:      layout_basic, marbit_many_paths, minmay_hexomino_f4
D:3:      layout_basic, lemuel_coloured_pillars_altar, lemuel_doored_altar,
          nicolae_ru_path_of_blood, minmay_misc_feat_encased,
          chequers_serial_rivers_small_b, uniq_grinder, uniq_crazy_yiuf_cottage
D:4:      layout_basic, lemuel_crystal_altar, first_ration,
          trog_eyes_of_draining, uniq_robin, uniq_pikel, uniq_eustachio

Skill      XL: |  1  2  3  4  5  6 |
---------------+-------------------+-----
Fire Magic     | 3 4 |  4.4
Conjurations   | 1 2 |  2.1
Spellcasting   | 2 |  2.8
Dodging        | 2 |  2.8
Maces & Flails | 2 |  2.1
Fighting       | 1 |  1.0
Stealth        | |  1.6

Action                   |  1- 3 |  4- 6 |  7- 9 || total
-------------------------+-------+-------+-------++-------
Melee: Whip              |    33 |       |       ||    33
       Kick              |     6 |    12 |       ||    18
       Mace              |     3 |    74 |     7 ||    84
 Cast: Flame Tongue      |    27 |    63 |       ||    90
       Throw Flame       |    18 |    70 |     5 ||    93
  Use: Scroll            |     6 |     4 |     1 ||    11
  Eat: Chunk             |     2 |    10 |       ||    12
       Ration            |     1 |     1 |       ||     2
Armor: Robe              |    11 |    48 |     6 ||    65
Dodge: Dodged            |    19 |    56 |     5 ||    80

Table legend:
 A = Non-vault XP
 B = Vault XP
 C = Vault XP percentage of total XP
 D = Non-vault monster count
 E = Vault monster count
 F = Vault count percentage of total count
                 A         B        C        D         E       F
            +---------+---------+-------+---------+---------+-------
      Total |     380 |     361 |  48.7 |      82 |       9 |   9.9
            +---------+---------+-------+---------+---------+-------
        D:1 |      37 |       7 |  15.9 |      18 |       4 |  18.2
        D:2 |     169 |      36 |  17.6 |      31 |       3 |   8.8
        D:3 |     174 |     318 |  64.6 |      33 |       2 |   5.7
            +---------+---------+-------+---------+---------+-------
